 Dungeon Crawl Stone Soup version 0.23.2-1-ga50397a (webtiles) character file.

Game seed: 2665745019112463371

11 doot the Skirmisher (level 2, 29/29 HPs)
             Began as a Troll Abyssal Knight on Apr 26, 2019.
             Was an Initiate of Lugonu.
             Quit the game on level 1 of the Dungeon.
             The game lasted 00:00:42 (262 turns).

doot the Skirmisher (Troll Abyssal Knight)           Turns: 262, Time: 00:00:44

Health: 29/29      AC:  6    Str: 19    XL:     2   Next: 17%
Magic:  2/2        EV: 10    Int:  8    God:    Lugonu [......]
Gold:   11         SH:  0    Dex:  9    Spells: 1/1 levels left

rFire    . . .     SeeInvis .     - Unarmed
rCold    . . .     Gourm    +   (no shield)
rNeg     . . .     Faith    .   a - +0 robe
rPois    .         Spirit   .   (helmet restricted)
rElec    .         Reflect  .   (no cloak)
rCorr    .         Harm     .   (gloves unavailable)
MR       .....                  (boots unavailable)
Stlth    +.........             (no amulet)
HPRegen  0.49/turn              (no ring)
MPRegen  0.08/turn              (no ring)

@: no status effects
A: large, unfitting armour, claws 3, fast metabolism 3, gourmand, regeneration
1, shaggy fur 1, tough skin 3
a: Renounce Religion


You were on level 1 of the Dungeon.
You worshipped Lugonu.
Lugonu was noncommittal.
You were not hungry.

You visited 1 branch of the dungeon, and saw 1 of its levels.
You visited the Abyss 1 time.

You collected 11 gold pieces.

Inventory:

Armour
 a - a +0 robe (worn)
Comestibles
 b - 2 rations


   Skills:
 + Level 2.7 Fighting
 + Level 2.1 Dodging
 + Level 2.1 Unarmed Combat
 + Level 1.6 Invocations


You had one spell level left.
You didn't know any spells.
Your spell library was empty.

Dungeon Overview and Level Annotations

Branches:
Dungeon (1/15)

Altars:


Innate Abilities, Weirdness & Mutations

You are too large for most types of armour.
You have claws for hands.
Your metabolism is lightning-fast.
You like to eat raw meat.
Your natural rate of healing is unusually fast.
You are covered in fur. (AC +1)
You have extremely tough skin. (AC +3)


Message History

You have reached level 2!
Things that are here:
a +0 club; a goblin corpse You now have 11 gold pieces (gained 9).
A dart slug comes into view.
A dart slug is nearby!
A dart slug is nearby!
A dart slug is nearby!
Found a fizzy cyan potion.
You claw the dart slug!
You kill the dart slug!
Lugonu accepts your kill.
No target in view!
No target in view!
No target in view!
Saving game... please wait.
Welcome back, doot the Troll Abyssal Knight.
Lugonu says: Spread carnage and corruption!
Press ? for a list of commands and other information.
Are you sure you want to abandon this character and quit the game? (Confirm with "yes".)

#..............
#.#..#.....#.......##.
#.#..#............... .#
#....#........#....# ..#
...................##...
.......................#
........................
###^...##...)...........
......†@............##..
..!........#............
###....##..#............
........................
........##.#............
###...#. #.#.....#.#(...
...... ..##.#....#....
#.... ..##....###....
...##.#.## #....


There were no monsters in sight!

Vanquished Creatures
  An ooze (D:1)
  A dart slug (D:1)
  A bat (D:1)
  A giant cockroach (D:1)
  A goblin (D:1)
5 creatures vanquished.

Notes
Turn   | Place    | Note
-------+----------+-------------------------------------------
     0 | Abyss:1  | doot the Troll Abyssal Knight began the quest for the Orb.
     0 | Abyss:1  | Reached XP level 1. HP: 22/22 MP: 1/1
    45 | Abyss:1  | Noticed a tormentor
    63 | Abyss:1  | Noticed a catoblepas zombie
    66 | D:1      | Escaped the Abyss
    69 | D:1      | Noticed a gargoyle
    69 | D:1      | Noticed an ogre
    71 | D:1      | Noticed a spriggan
    71 | D:1      | Noticed an elf
    73 | D:1      | Noticed a vine stalker
    73 | D:1      | Noticed a centaur
    75 | D:1      | Noticed a dwarf
    75 | D:1      | Noticed a merfolk
    79 | D:1      | Noticed a tengu
    79 | D:1      | Noticed a human
    81 | D:1      | Noticed a troll
    81 | D:1      | Noticed a formicid
    83 | D:1      | Noticed a halfling
    83 | D:1      | Noticed a minotaur
    85 | D:1      | Noticed a vampire
    85 | D:1      | Noticed an octopode
    87 | D:1      | Noticed a ghoul
    87 | D:1      | Noticed a naga
    91 | D:1      | Noticed a felid
    91 | D:1      | Noticed a demigod
    93 | D:1      | Noticed a draconian
    93 | D:1      | Noticed a demonspawn
   253 | D:1      | Reached XP level 2. HP: 25/29 MP: 2/2
   262 | D:1      | Quit the game

Skill      XL: |  1 |
---------------+----+-----
Dodging        | 2 |  2.1
Fighting       | |  2.7
Unarmed Combat | |  2.1
Invocations    | |  1.6

Action                   || total
-------------------------++-------
Melee: Unarmed           ||    14
Invok: Depart the Abyss  ||     1
  Eat: Chunk             ||     1
Armor: Robe              ||     9
Dodge: Dodged            ||    12
